[Event "Vaujany Principal"]
[Site "Vaujany"]
[Date "2012.07.12"]
[Round "1.8"]
[White "Adam, Gyorgy Sr"]
[Black "Serafimov, Tervel"]
[Result "0-1"]
[ECO "A42"]
[WhiteElo "2066"]
[BlackElo "2425"]
[Annotator "Jean-pierre,LEES"]
[PlyCount "88"]
[SourceDate "2012.07.12"]
[TimeControl "240+2"]

{1024MB, Fritz8.ctg
} 1. e4 c6 2. c4 g6 3. Nc3 Bg7 4. d4 d6 5. Nf3 Nf6 6. Be2
O-O 7. O-O Na6 8. Bg5 (8. Be3) 8... h6 9. Be3 Ng4 10. Bf4 e5 11. dxe5 dxe5 12.
Qxd8 Rxd8 13. Bg3 Re8 14. h3 Nf6 15. Bxe5 Nxe4 16. Bxg7 Kxg7 17. Nxe4 Rxe4 18.
Rfe1 Be6 19. Bf1 Rxe1 20. Rxe1 Rd8 21. a3 Nc5 22. Re3 Rd1 23. Re1 Rxe1 24. Nxe1
Kf6 25. Nf3 Na4 26. b3 Nc5 27. b4 Na4 28. Nd4 Nb2 29. c5 Ke5 30. Nf3+ Ke4 31.
Nd2+ Kd4 32. g4 Kc3 33. Ne4+ Kb3 34. Nd6 Kxa3 35. b5 cxb5 36. Nxb7 Kb4 37. c6
Nc4 38. c7 a5 39. Nd8 Bd7 40. Nxf7 a4 41. Bd3 a3 42. Bb1 Kb3 43. f4 Kb2 44.
Bxg6 a2 0-1

[Event "Vaujany Principal"]
[Site "Vaujany"]
[Date "2012.07.12"]
[Round "1.9"]
[White "Torma, Robert"]
[Black "Deleva, Michael"]
[Result "1-0"]
[ECO "C18"]
[WhiteElo "2424"]
[BlackElo "2061"]
[Annotator "Jean-pierre,LEES"]
[PlyCount "87"]
[SourceDate "2012.07.12"]
[TimeControl "240+2"]

{1024MB, Fritz8.ctg
} 1. e4 e6 2. d4 d5 3. Nc3 Bb4 4. e5 c5 5. a3 Bxc3+ 6. bxc3
Ne7 7. Qg4 cxd4 8. Qxg7 Rg8 9. Qxh7 Qc7 10. Ne2 Nbc6 11. f4 Bd7 12. Qd3 dxc3
13. Nxc3 a6 14. Rb1 Rc8 15. Ne2 Nf5 16. h3 Na7 17. g4 Bb5 18. Rxb5 Nxb5 19.
gxf5 Qa5+ 20. Bd2 Qxa3 21. Qxa3 Nxa3 22. c3 Nb1 23. Kd1 Kd7 24. fxe6+ fxe6 25.
Kc2 Nxd2 26. Kxd2 Rg7 27. h4 Rh8 28. h5 Rg4 29. Rh2 b5 30. Bg2 a5 31. Bf3 Rgg8
32. Nd4 b4 33. cxb4 axb4 34. Kd3 Rc8 35. Rc2 Rxc2 36. Kxc2 Rg8 37. Ne2 Ra8 38.
Kb2 Rb8 39. Kb3 Ke7 40. Nd4 Rf8 41. f5 exf5 42. Bxd5 f4 43. h6 Rh8 44. Nf5+ 1-0

[Event "Vaujany Principal"]
[Site "Vaujany"]
[Date "2012.08.01"]
[Round "1.10"]
[White "Soyer, Jean-Yves"]
[Black "Milchev, Nikolay"]
[Result "0-1"]
[ECO "C67"]
[WhiteElo "2056"]
[BlackElo "2421"]
[Annotator "Jean-pierre,LEES"]
[PlyCount "114"]
[SourceDate "2012.07.12"]
[TimeControl "240+2"]

{1024MB, Fritz8.ctg
} 1. Nf3 Nc6 2. e4 e5 3. Bb5 Nf6 4. O-O Nxe4 5. d4 Nd6 6.
dxe5 (6. Bxc6) 6... Nxb5 7. a4 Nbd4 8. Nxd4 d5 (8... Nxd4 9. Qxd4 d5 10. Nc3 c6
) 9. exd6 Bxd6 10. Re1+ Kf8 11. Nb5 Bf5 12. Nxd6 Qxd6 13. Qxd6+ cxd6 14. Bf4
Ne5 15. Bxe5 dxe5 16. Rxe5 Bxc2 17. Nc3 g6 18. Rae1 Kg7 19. Re7 b6 20. Rc7 Rhe8
21. Ree7 Rxe7 22. Rxe7 a5 23. Rd7 Re8 24. f3 Re6 25. Kf2 g5 26. Rd4 h6 27. h4
Kg6 28. hxg5 hxg5 29. Rd2 Bb3 30. Rd8 f6 31. Rd4 f5 32. Rd8 Kf6 33. Rd7 Ke5 34.
g3 Rh6 35. Kg2 Rc6 36. Kf2 f4 37. gxf4+ gxf4 38. Re7+ Re6 39. Rb7 Rh6 40. Kg2
Kd4 41. Rg7 Ke3 42. Rg5 (42. Rg4 Kd2 43. Nd5 (43. Rxf4 Kc2) 43... Kc2 44. Nxb6
Rxb6) 42... Kd2 43. Nd5 Kc2 44. Nxb6 Rxb6 45. Rxa5 Rg6+ 46. Kf2 Rf6 47. Rd5
Kxb2 48. a5 Ka3 49. Re5 Bc4 50. Re4 Kb3 51. Re7 Kb4 52. Re4 Kc3 53. Re7 Re6 54.
Rc7 Re2+ 55. Kg1 Ra2 56. Rc8 Kd4 57. Re8 Bd5 0-1

[Event "Vaujany Principal"]
[Site "Vaujany"]
[Date "2012.07.12"]
[Round "1.12"]
[White "Brest, Jean-Francois"]
[Black "Kukov, Velislav"]
[Result "0-1"]
[ECO "A50"]
[WhiteElo "2044"]
[BlackElo "2404"]
[Annotator "Jean-pierre,LEES"]
[PlyCount "54"]
[SourceDate "2012.07.12"]
[TimeControl "240+2"]

{1024MB, Fritz8.ctg
} 1. d4 Nf6 2. c4 Nc6 3. Nc3 e5 4. d5 Ne7 5. e4 Ng6 6. Be3
Bb4 7. f3 Bxc3+ 8. bxc3 d6 9. Ne2 O-O 10. Qd3 Nh5 11. g4 Nhf4 12. Nxf4 exf4 13.
Bf2 Ne5 14. Qd1 c5 15. Be2 b6 16. h4 h5 17. Qd2 hxg4 18. Qxf4 gxf3 19. Bf1 f5
20. O-O-O fxe4 21. Qxe4 Bf5 22. Qe3 Ng4 23. Qd2 Qf6 24. Bg3 Rae8 25. Bf4 Nf2
26. Bg5 (26. Qxf2 Qxc3+ 27. Qc2 Qxc2#) 26... Qe5 27. Bf4 Qe4 0-1

[Event "Vaujany Principal"]
[Site "Vaujany"]
[Date "2012.07.12"]
[Round "1.13"]
[White "Philippe, Christophe"]
[Black "Veys, Vincent"]
[Result "1-0"]
[ECO "C55"]
[WhiteElo "2403"]
[BlackElo "2041"]
[Annotator "Jean-pierre,LEES"]
[PlyCount "107"]
[SourceDate "2012.07.12"]
[TimeControl "240+2"]

{1024MB, Fritz8.ctg
} 1. e4 e5 2. Nf3 Nc6 3. Bc4 Nf6 4. d3 Be7 5. O-O O-O 6.
Re1 d6 7. a4 h6 8. h3 Nh7 9. Nc3 Ng5 10. Nxg5 Bxg5 11. Nd5 Bxc1 12. Qxc1 Be6
13. f4 exf4 14. Qxf4 Ne5 15. b3 Nxc4 16. bxc4 Bxd5 17. cxd5 Qd7 18. a5 Rae8 19.
Rab1 b6 20. axb6 axb6 21. Rf1 Qa4 22. c4 Qc2 23. Rbd1 Ra8 24. Rd2 Qc3 25. Kh2
Ra3 26. h4 Qd4 27. Rf3 Ra1 28. Qe3 Qe5+ 29. g3 Qc3 30. Qf2 Qc1 31. Qg2 Qb1 32.
Rdf2 Ra3 33. Qh3 Ra1 34. Rf1 Ra2+ 35. Kh1 Qb2 36. g4 Ra1 37. g5 Rxf1+ 38. Rxf1
h5 39. g6 Qe5 40. gxf7+ Kh8 (40... Rxf7 $2 41. Qc8+) 41. Qe3 Qe7 42. Qf4 Kh7
43. d4 b5 44. cxb5 g6 45. e5 dxe5 46. dxe5 Qd7 47. Qf3 Qe7 48. e6 Qxh4+ 49. Kg2
Qg5+ 50. Kh3 Qe5 51. Rf2 Qg5 52. Qe4 Qe7 53. Rg2 Qf6 54. e7 1-0

[Event "Vaujany Principal"]
[Site "Vaujany"]
[Date "2012.08.01"]
[Round "1.18"]
[White "Haver, Bas"]
[Black "Juhasz, Kristof"]
[Result "0-1"]
[ECO "B07"]
[WhiteElo "2021"]
[BlackElo "2365"]
[Annotator "Jean-pierre,LEES"]
[PlyCount "136"]
[SourceDate "2012.07.12"]
[TimeControl "240+2"]

{1024MB, Fritz8.ctg
} 1. e4 d6 2. d4 Nf6 3. Nc3 e5 4. dxe5 dxe5 5. Qxd8+ Kxd8
6. Bg5 Be6 7. O-O-O+ Kc8 8. Bb5 Nbd7 9. f3 c6 10. Ba4 Nc5 11. Bb3 Nxb3+ 12.
axb3 b5 13. Nge2 Kc7 14. Rd2 a5 15. Rhd1 Bc5 16. Rd3 a4 17. bxa4 b4 18. Nb1
Rxa4 19. Be3 Be7 20. b3 Ra2 21. R1d2 Rha8 22. c4 bxc3 23. Nexc3 Rxd2 24. Nxd2
Nd7 25. Nc4 Bxc4 26. bxc4 Nc5 27. Rd1 Rb8 28. Kc2 Rb4 29. Bxc5 Bxc5 30. Kd3 Bd4
31. Rc1 Kd6 32. Rc2 Kc5 33. Na2 Rb1 34. Nc1 Bg1 35. h3 Bd4 36. Kd2 Kb4 37. Ke2
Ra1 38. Kd2 h5 39. Nd3+ Ka3 40. Nc1 h4 41. Ke2 f6 42. Kd2 g6 43. Ke2 Kb4 44.
Kd2 Ra3 45. Nd3+ Ka5 46. Ke2 Kb6 47. Kd2 Kc7 48. Ke2 Kd7 49. Kd2 Kd6 50. Ke2
Ra1 51. Nc1 Ke6 52. Kd2 Ra3 53. Nd3 Ra4 54. Ke2 Ra1 55. Nc1 f5 56. Kd2 Bb6 57.
Ra2 Be3+ 58. Kxe3 Rxc1 59. Kd3 Rd1+ 60. Kc3 fxe4 61. fxe4 Rd4 62. Re2 c5 63.
Re1 Kf6 64. Re2 Kg5 65. Re3 Kf4 66. Rf3+ Kxe4 67. Rf6 Rd3+ 68. Kc2 Rg3 0-1

[Event "Vaujany Principal"]
[Site "Vaujany"]
[Date "2012.07.12"]
[Round "1.19"]
[White "Kantans, Toms"]
[Black "Michel, Stephan"]
[Result "1-0"]
[ECO "B06"]
[WhiteElo "2354"]
[BlackElo "1989"]
[Annotator "Jean-pierre,LEES"]
[PlyCount "71"]
[SourceDate "2012.07.12"]
[TimeControl "240+2"]

{1024MB, Fritz8.ctg
} 1. e4 g6 2. d4 Bg7 3. Nc3 d6 4. f4 a6 5. Nf3 b5 6. Be3
Bb7 7. Bd3 Nd7 8. O-O c5 9. e5 cxd4 10. Bxd4 Nh6 11. Qe1 dxe5 12. fxe5 Bxf3 13.
gxf3 O-O 14. Rd1 b4 15. Nb1 Qa5 16. f4 Nc5 17. Bc4 Nf5 18. a3 Nxd4 19. Rxd4 Qb6
20. Qxb4 Qxb4 21. axb4 Ne6 22. Rd7 Rac8 23. b3 Bh6 24. f5 gxf5 25. Rxe7 Nd4 26.
e6 fxe6 27. c3 Bg5 28. Rb7 Rxc4 29. bxc4 Ne2+ 30. Kf2 Nf4 31. c5 a5 32. c6 Nd3+
33. Ke2 Nf4+ 34. Kd1 Rd8+ 35. Kc2 axb4 36. c7 1-0

[Event "Vaujany Principal"]
[Site "Vaujany"]
[Date "2012.08.02"]
[Round "1.21"]
[White "Kurayan, Ruslan"]
[Black "Van Foreest, Lucas"]
[Result "1-0"]
[ECO "C45"]
[WhiteElo "2318"]
[BlackElo "1969"]
[Annotator "Jean-pierre,LEES"]
[PlyCount "49"]
[SourceDate "2012.07.12"]
[TimeControl "240+2"]

{1024MB, Fritz8.ctg
} 1. e4 e5 2. Nf3 Nc6 3. d4 exd4 4. Nxd4 g6 (4... Bc5) (
4... Nf6) 5. Bc4 Bg7 6. Nxc6 bxc6 7. Nc3 Ne7 8. h4 h5 9. Bg5 Rb8 10. Qf3 O-O
11. O-O-O d6 12. Qe3 Kh7 13. e5 d5 14. Qc5 Re8 15. Bxd5 cxd5 16. Nxd5 Bxe5 17.
Nf6+ Bxf6 18. Bxf6 Bd7 19. Rhe1 Qc8 20. Rxe7 Rxe7 21. Qxe7 Be6 22. Be5 Qf8 23.
Qf6 Bxa2 24. b3 a5 25. Rd7 1-0

[Event "Vaujany Principal"]
[Site "Vaujany"]
[Date "2012.08.02"]
[Round "1.22"]
[White "Gombos, Bettina"]
[Black "Csonka, Balazs"]
[Result "0-1"]
[ECO "B80"]
[WhiteElo "1966"]
[BlackElo "2306"]
[Annotator "Jean-pierre,LEES"]
[PlyCount "94"]
[SourceDate "2012.07.12"]
[TimeControl "240+2"]

{1024MB, Fritz8.ctg
} 1. e4 c5 2. Nf3 d6 3. d4 cxd4 4. Nxd4 Nf6 5. Nc3 a6 6.
Be3 e6 7. f3 b5 8. Qd2 b4 9. Nce2 Nbd7 10. g4 h6 11. O-O-O d5 12. exd5 Nxd5 13.
Bf2 Bb7 14. Kb1 Bc5 15. Ng3 Rc8 16. Ne4 Be7 17. Bd3 Nc5 18. Nxc5 Bxc5 19. Nb3
Bxf2 20. Qxf2 Qc7 21. Rhe1 O-O 22. h4 a5 23. Bb5 Bc6 24. Bxc6 Qxc6 25. Nxa5 Qa4
26. Rxd5 exd5 27. Nb3 Ra8 28. Nc1 Rfe8 29. Rxe8+ Rxe8 30. Qc5 Re1 31. Qxd5 Qe8
32. Qd2 Qe3 33. Qxe3 Rxe3 34. f4 Rf3 35. f5 Rf4 36. b3 Rxg4 37. h5 g6 38. fxg6
fxg6 39. hxg6 h5 40. Nd3 h4 41. Nf2 Rxg6 42. a4 bxa3 43. b4 Rg2 44. Nh3 Rg3 45.
Nf2 h3 46. b5 h2 47. b6 Rg6 0-1

[Event "Vaujany Principal"]
[Site "Vaujany"]
[Date "2012.07.12"]
[Round "1.23"]
[White "Meng, Roger"]
[Black "Hourlier, Claire"]
[Result "1-0"]
[ECO "A43"]
[WhiteElo "2272"]
[BlackElo "1964"]
[Annotator "Jean-pierre,LEES"]
[PlyCount "87"]
[SourceDate "2012.07.12"]
[TimeControl "240+2"]

{1024MB, Fritz8.ctg
} 1. d4 Nf6 2. Nf3 c5 3. d5 d6 4. Nc3 e5 5. dxe6 fxe6 6. e4
d5 7. Bb5+ Nc6 8. exd5 exd5 9. O-O a6 10. Bxc6+ bxc6 11. Bg5 Be7 12. Bxf6 Bxf6
13. Re1+ Kf7 14. Ne5+ Bxe5 15. Qh5+ g6 16. Qxe5 Re8 17. Qf4+ Kg8 18. Na4 Rf8
19. Qe3 c4 20. Qe5 Bf5 21. Re2 Qg5 22. h4 Qf6 (22... Qxh4 23. Rae1) 23. Qxf6
Rxf6 24. b3 cxb3 25. axb3 Re6 26. Rxe6 Bxe6 27. Nc5 Bf5 28. c3 Kf7 29. f3 Ke7
30. Kf2 Kd6 31. b4 Ra7 32. Rxa6 Rxa6 33. Nxa6 h5 34. Ke3 Ke5 35. Nc5 Bc2 36. g4
hxg4 37. fxg4 Bd1 38. Nd3+ Ke6 39. Kd4 Bc2 40. Ne5 Kd6 41. h5 gxh5 42. gxh5 Bf5
43. h6 Bh7 44. Nf7+ 1-0

[Event "Vaujany Principal"]
[Site "Vaujany"]
[Date "2012.07.12"]
[Round "1.24"]
[White "Haver, Daan"]
[Black "Ruecker, Benjamin"]
[Result "1/2-1/2"]
[ECO "B49"]
[WhiteElo "1961"]
[BlackElo "2260"]
[Annotator "Jean-pierre,LEES"]
[PlyCount "77"]
[SourceDate "2012.07.12"]
[TimeControl "240+2"]

{1024MB, Fritz8.ctg
} 1. e4 c5 2. Nf3 e6 3. d4 cxd4 4. Nxd4 Nc6 5. Nc3 Qc7 6.
Be2 a6 7. O-O Nf6 8. Be3 Bb4 9. Na4 Be7 10. Nxc6 bxc6 11. Nb6 Rb8 12. Nxc8 Qxc8
13. e5 Nd5 14. Bd4 c5 15. c4 cxd4 16. cxd5 Qc5 17. dxe6 (17. Bf3) 17... fxe6
18. Re1 O-O 19. Bd3 Rf7 20. b3 Rbf8 21. Rc1 Qa5 22. Rc2 g6 23. Re4 Rf5 24. Rce2
Qc5 25. Qa1 Rf4 26. Rxf4 Rxf4 27. Bxa6 Bf8 28. Bd3 Bg7 29. Qe1 Rf8 30. g3 Rf3
31. b4 Qc7 32. Qd1 Qc3 33. Be4 Rf8 34. b5 Qc5 35. Bd3 Bxe5 36. a4 Bc7 37. Rc2
Qb6 38. Qd2 Ra8 39. Rc4 1/2-1/2

[Event "Vaujany Principal"]
[Site "Vaujany"]
[Date "2012.07.12"]
[Round "1.25"]
[White "Frick, Christoph"]
[Black "Roche, Yves"]
[Result "1/2-1/2"]
[ECO "B24"]
[WhiteElo "2258"]
[BlackElo "1956"]
[Annotator "Jean-pierre,LEES"]
[PlyCount "62"]
[SourceDate "2012.07.12"]
[TimeControl "240+2"]

{1024MB, Fritz8.ctg
} 1. e4 c5 2. Nc3 Nc6 3. g3 e6 4. Bg2 Nf6 5. f4 d5 6. e5
Ng8 (6... d4) 7. Nf3 a6 8. O-O g6 9. b3 Nh6 10. Bb2 Nf5 11. Ne2 h5 12. c4 d4
13. Nc1 Be7 14. Nd3 Bd7 15. Rc1 b6 16. Qe2 a5 17. a4 Nb4 18. Nxb4 axb4 19. Ng5
Bxg5 20. Bxa8 Qxa8 21. fxg5 Bc6 22. Qf2 Bb7 23. h3 Qc8 24. Kh2 Qc6 25. Rce1 Kd8
26. Rg1 Kc8 27. Bc1 d3 28. Bb2 Rd8 29. Qg2 Qc7 30. Qf2 Qc6 31. Qg2 Qc7 1/2-1/2

[Event "Vaujany Principal"]
[Site "Vaujany"]
[Date "2012.07.12"]
[Round "1.26"]
[White "Petrone, gianmario"]
[Black "Deleva, Michael"]
[Result "0-1"]
[ECO "B07"]
[WhiteElo "1930"]
[BlackElo "2255"]
[Annotator "Jean-pierre,LEES"]
[PlyCount "84"]
[EventDate "2012.07.07"]
[SourceDate "2012.07.12"]
[TimeControl "240+2"]

{1024MB, Fritz8.ctg
} 1. e4 d6 2. d4 Nf6 3. Nc3 e5 4. dxe5 dxe5 5. Qxd8+ Kxd8
6. Bg5 Be6 7. Nf3 (7. O-O-O+ Nbd7 8. f4 exf4 9. Nf3 h6 10. Bxf4) 7... Nbd7 8.
O-O-O Kc8 9. a3 c6 10. Bh4 Bc5 11. h3 h6 12. Bg3 Nh5 13. Bh2 Bxf2 14. Nxe5 Nxe5
15. Bxe5 Ng3 16. Bxg3 Bxg3 17. Ne2 Bf2 18. g4 Rd8 19. Rxd8+ Kxd8 20. Kd2 Ke7
21. Nf4 Bd7 22. Bc4 Be8 23. Ke2 Bd4 24. c3 Be5 25. Nd3 Bc7 26. Rf1 Rd8 27. Nf4
Rd7 28. Nh5 Be5 29. Rf5 Kd6 30. Rf3 Re7 31. Rd3+ Kc5 32. Ba2 g6 33. b4+ Kb5 34.
c4+ Kb6 35. Ng3 c5 36. bxc5+ Kxc5 37. Rd5+ Kb6 38. Nf1 Bc6 39. c5+ Kc7 40. Rd1
Bxe4 41. Ne3 Bf4 42. Rd2 Bc6 0-1

[Event "Vaujany Principal"]
[Site "Vaujany"]
[Date "2012.07.12"]
[Round "1.27"]
[White "Roeberg, Frank"]
[Black "Devoille, Hugo"]
[Result "1-0"]
[ECO "B80"]
[WhiteElo "2253"]
[BlackElo "1927"]
[Annotator "Jean-pierre,LEES"]
[PlyCount "49"]
[SourceDate "2012.07.12"]
[TimeControl "240+2"]

{1024MB, Fritz8.ctg
} 1. e4 c5 2. Nf3 e6 3. d4 cxd4 4. Nxd4 Nc6 5. Nc3 Qc7 6.
g3 a6 7. Bg2 Nf6 8. O-O Be7 9. Re1 d6 10. Nxc6 bxc6 11. e5 dxe5 12. Rxe5 Nd5 (
12... O-O 13. Bf4 Qb7) (12... Qxe5 13. Bxc6+ Bd7 14. Bxa8 O-O 15. Bg2) 13. Nxd5
cxd5 14. Bf4 Qb6 15. c4 Bc5 16. Re2 O-O 17. cxd5 Rd8 18. Qc2 exd5 19. Bxd5
Bxf2+ 20. Kh1 Ra7 $2 (20... Bb7 $142) 21. Rxf2 Rxd5 22. Qxc8+ Rd8 23. Rc1 Rad7
24. Qc6 Qb4 25. Bc7 1-0

[Event "Vaujany Principal"]
[Site "Vaujany"]
[Date "2012.07.12"]
[Round "1.28"]
[White "Hodot, Yves"]
[Black "Valles, Manuel"]
[Result "1-0"]
[ECO "B20"]
[WhiteElo "1918"]
[BlackElo "2248"]
[Annotator "Jean-pierre,LEES"]
[PlyCount "125"]
[SourceDate "2012.07.12"]
[TimeControl "240+2"]

{1024MB, Fritz8.ctg
} 1. e4 c5 2. b4 b6 3. bxc5 bxc5 4. Bc4 Nc6 5. c3 g6 6. Nf3
Bg7 7. O-O Nf6 8. e5 Ng8 9. d4 cxd4 10. cxd4 Nh6 11. Bg5 Qa5 12. Nbd2 Nf5 13.
Re1 Nfxd4 14. Nxd4 Nxd4 15. Nb3 Nxb3 16. axb3 Qc5 17. Bxf7+ (17. Qf3 $142)
17... Kd8 18. Qd6 Qxd6 19. exd6 Bb7 20. Rxe7 (20. dxe7+ Kc8 21. Rac1+ Bc6 22.
e8=Q+ Rxe8 23. Bxe8) 20... Kc8 21. Rc1+ Bc6 22. Rxc6+ dxc6 23. Be6+ Kb8 24. Bf4
(24. Rxg7) 24... g5 25. Bg3 Bf6 26. d7+ Kb7 27. d8=N+ Kb6 28. Rb7+ Kc5 29. b4+
Kd4 30. Nxc6+ Kc3 31. Rc7 Rhe8 32. Ne5+ (32. f3 Rxe6 33. Nd8+ Kxb4 34. Nxe6)
32... Kxb4 33. Nd3+ Ka5 34. Rc5+ Ka4 35. Rc4+ Ka3 36. Nc5 Kb2 37. Rb4+ Kc3 38.
Rb3+ Kd4 39. Bd6 Rxe6 40. Nxe6+ Kc4 41. Rb1 a5 42. Rc1+ Kd3 43. Ba3 Ke2 44. f4
g4 45. f5 Rb8 46. Nf4+ Kd2 47. Rf1 Bd4+ 48. Kh1 a4 49. Bc1+ Kc2 50. Ne6 Bf6 51.
Ba3 Rb3 52. Bc5 Rd3 53. Nf8 a3 54. Bxa3 Rxa3 55. Nxh7 Ra6 56. Nxf6 Rxf6 57. h3
g3 58. Rf3 Kd2 59. Rxg3 Rxf5 60. Ra3 Ke2 61. Kh2 Kf2 62. h4 Rf4 63. Rf3+ 1-0

[Event "Vaujany Principal"]
[Site "Vaujany"]
[Date "2012.07.12"]
[Round "1.29"]
[White "Skinke, Katrina"]
[Black "Drillat, Michel"]
[Result "1-0"]
[ECO "B01"]
[WhiteElo "2238"]
[BlackElo "1910"]
[Annotator "Jean-pierre,LEES"]
[PlyCount "57"]
[SourceDate "2012.07.12"]
[TimeControl "240+2"]

{1024MB, Fritz8.ctg
} 1. e4 d5 2. exd5 Nf6 3. d4 Nxd5 4. c4 Nb6 5. Nc3 e5 6. d5
c6 7. Qh5 Bd6 (7... N8d7) 8. Be3 (8. Bd3) 8... Qe7 9. Nf3 O-O 10. Ng5 h6 11.
Nge4 Bb4 12. a3 Bxc3+ 13. Nxc3 f5 14. O-O-O f4 15. Bxb6 axb6 16. Bd3 Qg5 17.
Qxg5 hxg5 18. Rhe1 Nd7 19. dxc6 bxc6 20. Be4 Nb8 21. Nd5 $1 Ra6 22. Ne7+ Kf7
23. Nxc6 Nxc6 24. Bxc6 Be6 25. Bb5 Ra7 26. Rxe5 Rc8 27. Re4 Rac7 28. b3 Rc5 29.
Kb2 1-0

[Event "Vaujany Principal"]
[Site "Vaujany"]
[Date "2012.07.12"]
[Round "1.30"]
[White "Abdeselem, Ahmed"]
[Black "Van Foreest, Jorden"]
[Result "0-1"]
[ECO "C65"]
[WhiteElo "1815"]
[BlackElo "2208"]
[Annotator "Jean-pierre,LEES"]
[PlyCount "82"]
[SourceDate "2012.07.12"]
[TimeControl "240+2"]

{1024MB, Fritz8.ctg
} 1. e4 e5 2. Nf3 Nc6 3. Bb5 Nf6 4. d3 (4. O-O) (4. Nc3 Bb4
(4... Nd4)) 4... Bc5 5. c3 (5. O-O) 5... Qe7 6. Nbd2 (6. O-O $142) 6... Ng4 (
6... Bxf2+ 7. Kxf2 Qc5+) 7. O-O Nxf2 8. Qe2 (8. Rxf2 Bxf2+ 9. Kxf2 Qc5+ 10. d4
Qxb5 $19) 8... Nxd3+ 9. Kh1 Nxc1 10. Raxc1 d6 11. b4 Bb6 12. Nc4 Be6 13. a4 a6
14. Nxb6 cxb6 15. Bd3 O-O 16. Qe3 Qc7 17. Rb1 h6 18. Nh4 Nb8 19. Rbc1 Nd7 20.
Nf5 Kh7 21. h4 Rac8 22. Rf3 a5 23. Ne7 Rce8 24. Nd5 Bxd5 25. exd5+ Kh8 26. Qe4
g6 27. g4 Kg8 28. Rcf1 f5 29. gxf5 Nf6 30. Qc4 Qxc4 31. Bxc4 gxf5 32. Rxf5 Rc8
33. Rg1+ (33. Rxf6 $142 Rxf6 34. Rxf6 Rxc4 35. Rxd6 axb4 36. cxb4 Rxh4+ 37. Kg2
Rxb4 38. Rxh6 $11) 33... Kf7 34. Rgf1 Ke7 35. Bb5 Nxd5 36. Rxf8 Rxf8 37. Rxf8
Kxf8 38. c4 Nxb4 39. Kg2 Ke7 40. Kf3 Nc2 41. Ke4 Nd4 0-1

[Event "Vaujany Principal"]
[Site "Vaujany"]
[Date "2012.07.12"]
[Round "1.31"]
[White "Kormos, Adam"]
[Black "De Lagontrie, Jean"]
[Result "1-0"]
[ECO "B33"]
[WhiteElo "2193"]
[BlackElo "1868"]
[Annotator "Jean-pierre,LEES"]
[PlyCount "73"]
[SourceDate "2012.07.12"]
[TimeControl "240+2"]

{1024MB, Fritz8.ctg
} 1. e4 c5 2. Nf3 Nc6 3. d4 cxd4 4. Nxd4 Nf6 5. Nc3 e5 6.
Nf5 $5 (6. Ndb5 d6 7. Bg5 a6 8. Na3 b5 {est la variante principale}) 6... d5 7.
exd5 Bxf5 8. dxc6 bxc6 9. Qf3 Qd7 10. Bg5 e4 11. Qd1 (11. Qe2 Be7 12. Rd1 Qe6
13. Qc4 Rb8 14. Qxe6 Bxe6 15. b3 Bb4 16. Bd2 O-O 17. Be2 Rfd8 $15) 11... Qe6
12. Qd4 Rd8 13. Qa4 Be7 14. Bc4 Qc8 15. Qxa7 Rd7 16. Qa5 O-O 17. Ba6 Ra7 18.
Bxc8 Rxa5 19. Bxf5 Rxf5 20. Be3 Bb4 21. Bd2 Re8 (21... Rd8) 22. O-O Bxc3 (22...
Nd5 23. Nxd5 Bxd2 24. Ne3 Rc5 25. c3 Rb8) 23. Bxc3 Nd5 24. Bd4 Nb4 25. Bc3 (25.
Rfc1) 25... Nd5 26. Bd2 Rfe5 27. Rfe1 f5 28. c4 e3 (28... Nb6) 29. fxe3 Nxe3
30. Bxe3 Rxe3 31. Kf2 f4 32. Rxe3 fxe3+ 33. Ke2 Kf7 34. Rf1+ Kg6 35. Rf3 Re4
36. b3 h5 37. Rxe3 1-0

[Event "Vaujany Principal"]
[Site "Vaujany"]
[Date "2012.07.12"]
[Round "1.32"]
[White "Trin, Pierre"]
[Black "Moal, Alain"]
[Result "0-1"]
[ECO "B30"]
[WhiteElo "1858"]
[BlackElo "2175"]
[Annotator "Jean-pierre,LEES"]
[PlyCount "49"]
[SourceDate "2012.07.12"]
[TimeControl "240+2"]

{1024MB, Fritz8.ctg
} 1. e4 c5 2. Nf3 Nc6 3. Bb5 e6 4. Bxc6 bxc6 5. O-O Ne7 6.
b3 Ng6 7. Bb2 f6 8. e5 Be7 9. Na3 O-O (9... fxe5 10. Nxe5 Nxe5 11. Bxe5 O-O 12.
f4) 10. Nc4 fxe5 (10... Qc7) 11. Ncxe5 Bf6 (11... Nxe5 12. Bxe5 $17) 12. d4 d6
13. Ng4 (13. Nxg6 hxg6 14. c3 cxd4 15. cxd4 c5) 13... Bxd4 14. Bxd4 cxd4 15.
Qxd4 $2 (15. Nxd4) 15... e5 (15... Rf4 $19) 16. Qc4+ d5 17. Qe2 e4 (17... Bxg4)
18. Rfd1 Rf4 19. Ne3 Qf6 (19... exf3) 20. g3 Rxf3 21. Ng2 Bg4 22. Qd2 Rf8 23.
Rf1 d4 24. Rad1 e3 25. Qe1 0-1

[Event "Vaujany Principal"]
[Site "Vaujany"]
[Date "2012.07.12"]
[Round "1.33"]
[White "Delorme, Laurie"]
[Black "Dubois, Hervé"]
[Result "1-0"]
[ECO "E15"]
[WhiteElo "2171"]
[BlackElo "1854"]
[Annotator "Jean-pierre,LEES"]
[PlyCount "37"]
[SourceDate "2012.07.12"]
[TimeControl "240+2"]

{1024MB, Fritz8.ctg
} 1. d4 Nf6 2. c4 e6 3. Nf3 b6 4. g3 Ba6 5. b3 d5 6. Bg2
Nbd7 7. O-O g6 8. Nc3 Bg7 9. Ba3 c5 10. Ne5 Qc7 11. Nxd7 Qxd7 12. dxc5 bxc5 13.
cxd5 exd5 14. Bxc5 Rc8 15. b4 Bc4 16. Re1 Rd8 17. e4 dxe4 18. Nxe4 Be6 19. Nd6+
1-0

[Event "Vaujany Principal"]
[Site "Vaujany"]
[Date "2012.07.12"]
[Round "1.34"]
[White "Coppola, Federico"]
[Black "Viennot, Dylan"]
[Result "0-1"]
[ECO "C13"]
[WhiteElo "1844"]
[BlackElo "2149"]
[Annotator "Jean-pierre,LEES"]
[PlyCount "70"]
[SourceDate "2012.07.12"]
[TimeControl "240+2"]

{1024MB, Fritz8.ctg
} 1. e4 e6 2. d4 d5 3. Nc3 Nf6 4. Bg5 Be7 5. e5 Nfd7 6. h4
c5 7. Bxe7 Qxe7 8. Nb5 O-O 9. Nc7 Nc6 10. Nxa8 cxd4 11. Qd2 f6 12. Nc7 fxe5 13.
Nb5 a6 14. Na3 Nf6 15. Nh3 Ne4 16. Qc1 Qxh4 17. Be2 Nxf2 18. O-O Nxh3+ 19. gxh3
Qg3+ 20. Kh1 Qxh3+ 21. Kg1 Qg3+ 22. Kh1 Rf4 23. Rxf4 exf4 24. Qg1 Qh3+ 25. Qh2
Qxh2+ 26. Kxh2 e5 27. c3 e4 28. cxd4 Nxd4 29. Bf1 g5 30. Rd1 Nf3+ 31. Kg2 Be6
32. Nc2 Kf7 33. Kf2 g4 34. Be2 g3+ 35. Kf1 Bh3# 0-1

[Event "Vaujany Principal"]
[Site "Vaujany"]
[Date "2012.07.13"]
[Round "2.5"]
[White "Serafimov, Tervel"]
[Black "Roeberg, Frank"]
[Result "1-0"]
[ECO "A13"]
[WhiteElo "2425"]
[BlackElo "2253"]
[Annotator "Jean-pierre,LEES"]
[PlyCount "261"]
[SourceDate "2012.07.12"]
[TimeControl "240+2"]

{1024MB, Fritz8.ctg
} 1. c4 Nf6 2. g3 e6 3. Bg2 d5 4. Nf3 dxc4 5. Na3 Bxa3 6.
bxa3 b5 7. a4 a6 8. axb5 axb5 9. a4 O-O 10. Bb2 Rxa4 11. Rxa4 bxa4 12. Qxa4 Ba6
13. Ne5 Qe8 14. Qa1 Qb5 15. O-O Nd5 16. Nf3 f6 17. Nd4 Qd7 18. Qa5 Nb6 19. Bh3
Re8 20. Ra1 Bb7 21. Qh5 Bd5 22. Ra7 Qf7 23. Qxf7+ Kxf7 24. e4 Bxe4 25. Rxc7+
Re7 26. Bxe6+ Ke8 27. Rxe7+ Kxe7 28. Ba3+ Ke8 29. Nf5 Bxf5 30. Bxf5 Kf7 31. h4
g6 32. Bb1 N8d7 33. Kf1 Ke6 34. Ke2 Ne5 35. Bb2 Nc6 36. Be4 Ne5 37. Bd4 Nbd7
38. Bb7 Kd6 39. Bb2 g5 40. hxg5 fxg5 41. Ba3+ Kc7 42. Bd5 Nf6 43. Be6 g4 44.
Be7 Nfd7 45. Ke3 Kc6 46. Kd4 Nf3+ 47. Kxc4 Nxd2+ 48. Kd3 Nf3 49. Ke4 Nde5 50.
Bd5+ Kd7 51. Bc5 h5 52. Kf5 Nd3 53. Be3 Nde5 54. Be4 Nc4 55. Bf4 Ng1 56. Bd3
Nb2 57. Bb5+ Ke7 58. Be3 Nd1 59. Bc5+ Kf7 60. Ba4 Nc3 61. Bb3+ Ke8 62. Bb4 Nce2
63. Kg6 Nh3 64. Be1 Nef4+ $6 65. gxf4 Nxf4+ 66. Kg5 Nd3 67. Bd2 Nxf2 68. Bd5
Kd7 69. Kxh5 Kd6 70. Bg2 Ke5 71. Kh4 Ne4 72. Be3 Kf5 73. Bf1 g3 74. Kh3 Ke5 75.
Ba6 Kf5 76. Bd3 Ke5 77. Kg2 Nd6 78. Ba7 Nf5 79. Bb8+ Kf6 80. Kf3 Kg5 81. Bf4+
Kf6 82. Kg4 g2 83. Bh2 Ne3+ 84. Kf3 Nf1 85. Bg1 Ke5 86. Kxg2 Nd2 87. Be3 Nb3
88. Kg3 Nd4 89. Kg4 Nb3 90. Bh7 Na5 91. Bg8 Nc6 92. Bf4+ Ke4 93. Bh7+ Kd5 94.
Kf5 Nd4+ 95. Kf6 Ne2 96. Be5 Nd4 97. Bb1 Nf3 98. Bb2 Nd4 99. Kg5 Ke5 100. Kg4
Kd5 101. Kf4 Ne6+ 102. Ke3 Nc5 103. Ba2+ Kd6 104. Ba3 Kc6 105. Kd4 Nd7 106. Be6
Nb6 107. Bf7 Nd7 108. Be8 Kc7 109. Be7 Nb6 110. Kc5 Nd7+ 111. Kd5 Nb6+ 112. Ke6
Nc4 113. Bb5 Nb6 114. Bb4 Nc8 115. Ba5+ Kb7 116. Kd5 Na7 117. Bd7 Ka6 118. Bd8
Kb7 119. Kc5 Ka6 120. Bg4 Kb7 121. Bb6 Nc8 122. Bf3+ Ka6 123. Bd8 Na7 124. Kd6
Nb5+ 125. Kc5 Na7 126. Bg2 Nc8 127. Kc6 Na7+ 128. Kc7 Nb5+ 129. Kc8 Nd4 130.
Bf1+ Nb5 $2 (130... Ka7) 131. Kd7 1-0